Canucks vs Red Wings
Created - March 31, 2019 at 19:15
Goals
|
| Canucks |
0 |
1 |
3 |
1 |
5 |
| Red Wings |
3 |
0 |
1 |
0 |
4 |
|
Shots
|
| Canucks |
8 |
13 |
14 |
2 |
37 |
| Red Wings |
9 |
13 |
7 |
0 |
29 |
|
1st period
1. Red Wings , Tyler Seguin 15 (Adam Henrique 44, Anton Volchenkov 7) at 1:39
2. Red Wings , Tyler Toffoli 18 (Tim Connolly 28) at 5:09
3. Red Wings , Tyler Toffoli 19 (Tim Connolly 29) at 16:26
Penalties :
Scott Gomez (Van) for Interference (Minor) at 13:33
2nd period
4. Canucks , Matt Stajan 27 (Chris Higgins 37) at 11:58
Penalties :
Steve Montador (Van) for Delaying the game (Minor) at 5:57, Sean Bergenheim (Det) for Holding (Minor) at 17:14
3rd period
5. Canucks , Brad Boyes 36 (Jamie McBain 28, Matt Stajan 54) at 7:11 (PP)
6. Canucks , Scott Gomez 15 (Derek Boogaard 18, Jamie McBain 29) at 9:18
7. Canucks , Brad Boyes 37 (Chris Higgins 38, Jamie McBain 30) at 16:27
8. Red Wings , Adam Henrique 30 (Tyler Seguin 28, Tim Connolly 30) at 19:23
Penalties :
Jiri Hudler (Det) for Roughing (Minor) at 6:56, Alex Goligoski (Van) for Roughing (Minor) at 9:36
Overtime #1
9. Canucks , Derek Boogaard 12 (Matt Stajan 55, Jamie McBain 31) at 0:50
Penalties :
No Penalty
Goalie Stats
Michal Neuvirth (Van), 25 saves from 29 shots - (0.862), W, 31-26-4, 60:50 minutes
James Reimer (Det), 32 saves from 37 shots - (0.865), OTL, 15-11-7, 60:21 minutes
Players Stats for Canucks
Player Name G A P +/- PIM S H SB GA TA FO MP PP MP PK MP
------------------------------------------------------------------------------------
Alex Goligoski 0 0 0 0 2 1 0 1 1 0 0/0 30:14 1:41 2:24
Brad Boyes 2 0 2 2 0 5 1 0 1 0 4/8 24:21 1:22 3:23
Chris Campoli 0 0 0 -1 0 0 0 0 0 0 0/0 8:39 0:00 0:00
Chris Higgins 0 2 2 2 0 4 1 0 0 0 1/5 21:23 0:52 2:18
Clarke MacArthur 0 0 0 -1 0 1 4 0 1 0 0/0 17:01 1:22 0:25
Derek Boogaard 1 1 2 1 0 4 0 2 0 0 0/0 11:07 0:00 1:18
Jamie McBain 0 4 4 1 0 2 1 2 1 3 0/0 29:39 2:14 2:31
Johan Franzen 0 0 0 -1 0 0 2 0 0 0 0/0 11:54 0:00 1:07
Justin Falk 0 0 0 -1 0 0 0 0 0 1 0/0 11:12 0:00 2:08
Ladislav Smid 0 0 0 1 0 1 2 3 0 0 0/0 20:58 0:33 2:31
Martins Karsums 0 0 0 -2 0 3 0 0 0 1 0/0 7:59 0:00 0:00
Matt Stajan 1 2 3 3 0 3 3 1 0 1 16/35 19:52 1:22 0:09
Mike Ribeiro 0 0 0 -1 0 3 2 1 3 2 6/9 20:30 0:52 3:14
Nick Palmieri 0 0 0 -1 0 3 1 1 0 0 0/0 15:58 0:52 0:00
Nik Antropov 0 0 0 -1 0 2 0 0 0 0 1/4 7:07 0:00 0:00
Ryan Hollweg 0 0 0 -2 0 1 1 0 1 0 0/2 8:05 0:00 0:00
Scott Gomez 1 0 1 0 2 3 0 0 0 0 0/3 10:16 0:00 0:00
Steve Montador 0 0 0 0 2 1 6 1 0 1 0/0 21:05 0:00 2:20
Players Stats for Red Wings
Player Name G A P +/- PIM S H SB GA TA FO MP PP MP PK MP
------------------------------------------------------------------------------------
Adam Henrique 1 1 2 0 0 4 1 0 1 0 2/2 21:00 2:56 0:31
Ales Hemsky 0 0 0 -1 0 3 3 0 0 0 0/0 19:32 2:58 0:00
Anton Volchenkov 0 1 1 -2 0 1 2 0 2 1 0/0 15:43 0:06 1:08
Carson Mcmillan 0 0 0 0 0 4 1 0 0 0 0/0 8:40 0:00 1:13
Chris Kelly 0 0 0 0 0 2 0 1 1 1 5/7 12:42 0:03 1:43
Jiri Fischer 0 0 0 1 0 2 0 0 0 0 0/0 22:58 2:38 1:06
Jiri Hudler 0 0 0 0 2 2 4 1 0 1 0/1 10:32 0:03 0:00
Lubomir Visnovsky 0 0 0 -2 0 0 0 3 0 0 0/0 15:43 0:06 1:08
Michael Haley 0 0 0 0 0 0 0 0 1 1 1/3 7:21 0:00 0:00
Oleg Saprykin 0 0 0 0 0 0 0 0 0 0 2/3 11:47 0:00 1:01
Ole-Kristian Tollefsen 0 0 0 1 0 0 0 1 1 1 0/0 22:09 3:13 0:00
Philip Samuelsson 0 0 0 1 0 1 2 2 1 1 0/0 22:09 3:13 0:00
Ryan O'Byrne 0 0 0 1 0 2 2 2 0 1 0/0 22:58 2:38 1:06
Sean Bergenheim 0 0 0 1 2 2 1 1 0 0 1/1 19:35 2:58 0:00
Tim Connolly 0 3 3 1 0 2 2 0 2 1 10/19 20:21 3:01 0:00
Tyler Seguin 1 1 2 0 0 2 1 0 0 0 13/21 20:34 2:56 0:00
Tyler Toffoli 2 0 2 0 0 2 2 0 0 0 2/5 19:46 2:56 0:00
Vladislav Namestnikov 0 0 0 0 0 0 1 0 0 0 2/4 7:34 0:00 0:00
3 Stars
1 - Matt Stajan (Van)
2 - Brad Boyes (Van)
3 - Jamie McBain (Van)
Power Play
Canucks - 1 on 2 Attempt(s) - 50.00%
Red Wings - 0 on 3 Attempt(s) - 0.00%
Penalty Kill
Canucks - 3 on 3 Attempt(s) - 100.00%
- Score 0 goal in Penalty Kill
Red Wings - 1 on 2 Attempt(s) - 50.00%
- Score 0 goal in Penalty Kill
Team Stat
Canucks - Hits : 24 - Faceoff Wins : 28 - Blocked Shots : 12 - Penalty Minutes : 6
Red Wings - Hits : 22 - Faceoff Wins : 38 - Blocked Shots : 11 - Penalty Minutes : 4
Official
Referees : Unknown
Linesman : Unknown
Game Notes
No Game Note
Finance
Level 1 -- Attendance: 5613 (93.55%) -- Ticket Income $488,331
Level 2 -- Attendance: 5000 (100.00%) -- Ticket Income $280,000
Level 3 -- Attendance: 1646 (82.30%) -- Ticket Income $62,548
Level 4 -- Attendance: 2798 (69.95%) -- Ticket Income $78,344
Luxury Box -- Attendance: 966 (96.60%) -- Ticket Income $159,390
Game was played at the Joe Louis Arena.
Total Attendance: 16023 (89.02%)
Total Ticket Income: $1,068,613
Other Income: $160,292
Total Income: $1,228,905
Canucks
5 vs 5 Forward
Center Left Wing Right Wing Time % Phy DF OF
1 Matt Stajan Chris Higgins Brad Boyes 62 0 0 5
2 Mike Ribeiro Clarke MacArthur Nick Palmieri 25 0 1 4
3 Scott Gomez Derek Boogaard Johan Franzen 9 0 2 3
4 Nik Antropov Ryan Hollweg Martins Karsums 4 1 2 2
5 vs 5 Defense
Defense Defense Time % Phy DF OF
1 Alex Goligoski Jamie McBain 55 0 0 5
2 Steve Montador Ladislav Smid 30 1 2 2
3 Chris Campoli Justin Falk 10 1 2 2
4 Alex Goligoski Jamie McBain 5 0 0 5
PowerPlay Forward
Center Left Wing Right Wing Time % Phy DF OF
1 Matt Stajan Clarke MacArthur Brad Boyes 60 0 0 5
2 Mike Ribeiro Chris Higgins Nick Palmieri 40 0 0 5
PowerPlay Defense
Defense Defense Time % Phy DF OF
1 Alex Goligoski Jamie McBain 60 0 0 5
2 Jamie McBain Ladislav Smid 40 0 0 5
Penalty Kill 4 Players Forward
Center Wing Time % Phy DF OF
1 Brad Boyes Mike Ribeiro 60 1 2 2
2 Chris Higgins Derek Boogaard 40 1 2 2
Penalty Kill 4 Players Defense
Defense Defense Time % Phy DF OF
1 Alex Goligoski Steve Montador 60 1 2 2
2 Jamie McBain Ladislav Smid 40 1 2 2
Penalty Kill - 3 Players Forward
Forward Time % Phy DF OF
1 Brad Boyes 60 1 2 2
2 Mike Ribeiro 40 1 2 2
Penalty Kill - 3 Players Defense
Defense Defense Time % Phy DF OF
1 Alex Goligoski Steve Montador 60 1 2 2
2 Jamie McBain Ladislav Smid 40 1 2 2
4 vs 4 Forward
Center Wing Time % Phy DF OF
1 Brad Boyes Mike Ribeiro 60 1 2 2
2 Matt Stajan Derek Boogaard 40 1 2 2
4 vs 4 Defense
Defense Defense Time % Phy DF OF
1 Alex Goligoski Steve Montador 60 1 2 2
2 Jamie McBain Ladislav Smid 40 1 2 2
Last Minutes Offensive
Center Left Wing Right Wing Defense Defense
Mike Ribeiro Clarke MacArthur Brad Boyes Alex Goligoski Steve Montador
Last Minutes Defensive
Center Left Wing Right Wing Defense Defense
Mike Ribeiro Chris Higgins Brad Boyes Alex Goligoski Steve Montador
Goaltenders
Starting : Michal Neuvirth
Backup : Alex Stalock
Extra Forwards
Normal : Clarke MacArthur, Ryan Hollweg, Johan Franzen - PP : Clarke MacArthur, Ryan Hollweg - PK : Johan Franzen
Extra Defensemen
Normal : Chris Campoli, Justin Falk, Jamie McBain - PP : Chris Campoli - PK : Justin Falk, Jamie McBain
Penalty Shots
Brad Boyes, Mike Ribeiro, Chris Higgins, Derek Boogaard, Clarke MacArthur
Scratches
Danny DeKeiser (Left Hand Injury)
Red Wings
5 vs 5 Forward
Center Left Wing Right Wing Time % Phy DF OF
1 Tim Connolly Sean Bergenheim Tyler Toffoli 38 0 2 3
2 Tyler Seguin Adam Henrique Ales Hemsky 37 0 2 3
3 Chris Kelly Oleg Saprykin Jiri Hudler 17 0 3 2
4 Vladislav Namestnikov Michael Haley Carson Mcmillan 8 1 2 2
5 vs 5 Defense
Defense Defense Time % Phy DF OF
1 Jiri Fischer Ryan O'Byrne 35 0 3 2
2 Ole-Kristian Tollefsen Philip Samuelsson 35 0 3 2
3 Lubomir Visnovsky Anton Volchenkov 20 0 3 2
4 Lubomir Visnovsky Anton Volchenkov 10 0 3 2
PowerPlay Forward
Center Left Wing Right Wing Time % Phy DF OF
1 Tyler Seguin Adam Henrique Tyler Toffoli 55 0 1 4
2 Tim Connolly Sean Bergenheim Ales Hemsky 45 0 1 4
PowerPlay Defense
Defense Defense Time % Phy DF OF
1 Philip Samuelsson Ole-Kristian Tollefsen 60 0 2 3
2 Ryan O'Byrne Jiri Fischer 40 0 2 3
Penalty Kill 4 Players Forward
Center Wing Time % Phy DF OF
1 Oleg Saprykin Sean Bergenheim 50 1 2 2
2 Chris Kelly Carson Mcmillan 50 1 2 2
Penalty Kill 4 Players Defense
Defense Defense Time % Phy DF OF
1 Lubomir Visnovsky Anton Volchenkov 50 1 2 2
2 Jiri Fischer Ryan O'Byrne 50 1 2 2
Penalty Kill - 3 Players Forward
Forward Time % Phy DF OF
1 Carson Mcmillan 60 1 2 2
2 Oleg Saprykin 40 1 2 2
Penalty Kill - 3 Players Defense
Defense Defense Time % Phy DF OF
1 Lubomir Visnovsky Anton Volchenkov 50 1 2 2
2 Ryan O'Byrne Ole-Kristian Tollefsen 50 1 2 2
4 vs 4 Forward
Center Wing Time % Phy DF OF
1 Tyler Seguin Adam Henrique 60 1 2 2
2 Tim Connolly Tyler Toffoli 40 1 2 2
4 vs 4 Defense
Defense Defense Time % Phy DF OF
1 Ryan O'Byrne Jiri Fischer 60 1 2 2
2 Ole-Kristian Tollefsen Philip Samuelsson 40 1 2 2
Last Minutes Offensive
Center Left Wing Right Wing Defense Defense
Tyler Seguin Adam Henrique Tim Connolly Ole-Kristian Tollefsen Philip Samuelsson
Last Minutes Defensive
Center Left Wing Right Wing Defense Defense
Chris Kelly Sean Bergenheim Carson Mcmillan Ryan O'Byrne Lubomir Visnovsky
Goaltenders
Starting : James Reimer
Backup : Josh Harding
Extra Forwards
Normal : Adam Henrique, Tyler Seguin, Chris Kelly - PP : Chris Kelly, Ales Hemsky - PK : Chris Kelly
Extra Defensemen
Normal : Ole-Kristian Tollefsen, Philip Samuelsson, Ryan O'Byrne - PP : Ryan O'Byrne - PK : Philip Samuelsson, Ole-Kristian Tollefsen
Penalty Shots
Carson Mcmillan, Tyler Seguin, Tim Connolly, Sean Bergenheim, Ales Hemsky
Scratches
Alex Picard (Broken Ribs Injury), Brent Seabrook (Healthy)
% Time on Ice - Canucks
Lines # - Real PCT - Wanted PCT - Time Play
Normal Forward
1 - 37% - 62% - 18:58
2 - 31% - 25% - 16:04
3 - 19% - 9% - 9:40
4 - 14% - 4% - 7:07
Normal Defense
1 - 48% - 55% - 24:41
2 - 34% - 30% - 17:36
3 - 17% - 10% - 8:39
4 - 2% - 5% - 0:53
PP Forward
1 - 61% - 60% - 1:22
2 - 39% - 40% - 0:52
PP Defense
1 - 75% - 60% - 1:41
2 - 25% - 40% - 0:33
PK Forward
1 - 78% - 60% - 4:39
2 - 22% - 40% - 1:18
PK Defense
1 - 58% - 60% - 3:26
2 - 42% - 40% - 2:31
PK3 Forward
1 - 0% - 60%
2 - 0% - 40%
PK3 Defense
1 - 0% - 60%
2 - 0% - 40%
44 Forward
1 - 82% - 60% - 0:41
2 - 18% - 40% - 0:09
44 Defense
1 - 64% - 60% - 0:32
2 - 36% - 40% - 0:18
Last Minute Offensive - 0:00
Last Minute Defensive - 0:00
Total
Forward - 60:50
Defense - 60:50
|
% Time on Ice - Red Wings
Lines # - Real PCT - Wanted PCT - Time Play
Normal Forward
1 - 33% - 38% - 16:39
2 - 33% - 37% - 16:41
3 - 21% - 17% - 10:30
4 - 14% - 8% - 7:21
Normal Defense
1 - 38% - 35% - 19:23
2 - 34% - 35% - 17:30
3 - 20% - 20% - 10:10
4 - 8% - 10% - 4:08
PP Forward
1 - 49% - 55% - 2:56
2 - 51% - 45% - 3:01
PP Defense
1 - 56% - 60% - 3:19
2 - 44% - 40% - 2:38
PK Forward
1 - 46% - 50% - 1:01
2 - 54% - 50% - 1:13
PK Defense
1 - 51% - 50% - 1:08
2 - 49% - 50% - 1:06
PK3 Forward
1 - 0% - 60%
2 - 0% - 40%
PK3 Defense
1 - 0% - 50%
2 - 0% - 50%
44 Forward
1 - 80% - 60% - 0:40
2 - 20% - 40% - 0:10
44 Defense
1 - 54% - 60% - 0:27
2 - 46% - 40% - 0:23
Last Minute Offensive - 0:38
Last Minute Defensive - 0:00
Total
Forward - 60:50
Defense - 60:50
|
Play-by-Play
1st period
0:01 of 1st period - Tim Connolly wins face-off versus Matt Stajan in neutral zone.
0:41 of 1st period - Alex Goligoski is hit by Tyler Seguin and loses puck.
1:35 of 1st period - Wrist shot by Tyler Seguin.
1:35 of 1st period - Shot Misses the Net.
1:39 of 1st period - Wrist shot by Tyler Seguin.
1:39 of 1st period - Goal by Tyler Seguin - Canucks : 0 - Red Wings : 1.
1:40 of 1st period - Tim Connolly wins face-off versus Matt Stajan in neutral zone.
1:51 of 1st period - Wrist shot by Tyler Toffoli.
1:51 of 1st period - Shot Misses the Net.
1:57 of 1st period - Tyler Toffoli is hit by Chris Higgins and loses puck.
2:10 of 1st period - Wrist shot by Nik Antropov.
2:10 of 1st period - Shot Blocked by Philip Samuelsson.
2:16 of 1st period - Wrist shot by Martins Karsums.
2:16 of 1st period - Stopped by James Reimer with a rebound.
2:18 of 1st period - Snap shot by Ryan Hollweg.
2:18 of 1st period - Stopped by James Reimer with a rebound.
2:20 of 1st period - Slapshot by Steve Montador.
2:20 of 1st period - Shot Blocked by Sean Bergenheim.
3:24 of 1st period - Wrist shot by Chris Kelly.
3:24 of 1st period - Shot Blocked by Derek Boogaard.
3:26 of 1st period - Slapshot by Ryan O'Byrne.
3:26 of 1st period - Shot Hit the Post.
3:28 of 1st period - Wrist shot by Chris Kelly.
3:28 of 1st period - Stopped by Michal Neuvirth with a rebound.
4:29 of 1st period - Wrist shot by Martins Karsums.
4:29 of 1st period - Shot Blocked by Lubomir Visnovsky.
4:31 of 1st period - Wrist shot by Nik Antropov.
4:31 of 1st period - Shot Misses the Net.
4:33 of 1st period - Slapshot by Ladislav Smid.
4:33 of 1st period - Deflect By Nik Antropov.
4:33 of 1st period - Shot Misses the Net.
4:33 of 1st period - Puck is out of play.
4:34 of 1st period - Vladislav Namestnikov wins face-off versus Nik Antropov in Red Wings zone.
5:00 of 1st period - Icing by Ryan Hollweg.
5:01 of 1st period - Chris Kelly wins face-off versus Nik Antropov in Canucks zone.
5:04 of 1st period - Snap shot by Tim Connolly.
5:04 of 1st period - Deflect By Sean Bergenheim.
5:04 of 1st period - Stopped by Michal Neuvirth with a rebound.
5:07 of 1st period - Icing by Justin Falk.
5:08 of 1st period - Tim Connolly wins face-off versus Nik Antropov in Canucks zone.
5:09 of 1st period - Snap shot by Tyler Toffoli.
5:09 of 1st period - Goal by Tyler Toffoli - Canucks : 0 - Red Wings : 2.
5:10 of 1st period - Matt Stajan wins face-off versus Tim Connolly in neutral zone.
5:25 of 1st period - Slapshot by Tyler Toffoli.
5:25 of 1st period - Shot Hit the Post.
6:30 of 1st period - Off-side.
6:31 of 1st period - Sean Bergenheim wins face-off versus Ryan Hollweg in neutral zone.
6:56 of 1st period - Nik Antropov is hit by Jiri Hudler and loses puck.
8:16 of 1st period - Johan Franzen is hit by Vladislav Namestnikov and loses puck.
8:33 of 1st period - Wrist shot by Chris Higgins.
8:33 of 1st period - Stopped by James Reimer without a rebound.
8:34 of 1st period - Tim Connolly wins face-off versus Chris Higgins in Red Wings zone.
8:34 of 1st period - Tim Connolly is hit by Matt Stajan.
8:40 of 1st period - Snap shot by Chris Higgins.
8:40 of 1st period - Stopped by James Reimer without a rebound.
8:41 of 1st period - Matt Stajan wins face-off versus Tim Connolly in Red Wings zone.
9:20 of 1st period - Wrist shot by Chris Kelly.
9:20 of 1st period - Shot Misses the Net.
9:36 of 1st period - Snap shot by Scott Gomez.
9:36 of 1st period - Stopped by James Reimer with a rebound.
10:25 of 1st period - Wrist shot by Jamie McBain.
10:25 of 1st period - Shot Misses the Net.
10:31 of 1st period - Alex Goligoski is hit by Jiri Hudler.
11:08 of 1st period - Wrist shot by Derek Boogaard.
11:08 of 1st period - Shot Misses the Net.
11:19 of 1st period - Icing by Justin Falk.
11:20 of 1st period - Michael Haley wins face-off versus Mike Ribeiro in Canucks zone.
11:21 of 1st period - Snap shot by Carson Mcmillan.
11:21 of 1st period - Stopped by Michal Neuvirth without a rebound.
11:22 of 1st period - Mike Ribeiro wins face-off versus Michael Haley in Canucks zone.
11:31 of 1st period - Slapshot by Alex Goligoski.
11:31 of 1st period - Shot Blocked by Ole-Kristian Tollefsen.
12:29 of 1st period - Jiri Hudler is hit by Clarke MacArthur and loses puck.
12:36 of 1st period - Slapshot by Mike Ribeiro.
12:36 of 1st period - Shot Misses the Net.
13:22 of 1st period - Slapshot by Scott Gomez.
13:22 of 1st period - Stopped by James Reimer with a rebound.
13:33 of 1st period - Minor Penalty to Scott Gomez for Interference.
13:34 of 1st period - Tyler Seguin wins face-off versus Brad Boyes in Canucks zone.
13:38 of 1st period - Wrist shot by Tyler Seguin.
13:38 of 1st period - Stopped by Michal Neuvirth with a rebound.
14:06 of 1st period - Alex Goligoski is hit by Sean Bergenheim and loses puck.
15:09 of 1st period - Ole-Kristian Tollefsen is hit by Steve Montador and loses puck.
15:33 of 1st period - Penalty to Scott Gomez is over, Scott Gomez is back on ice.
15:40 of 1st period - Snap shot by Carson Mcmillan.
15:40 of 1st period - Shot Misses the Net.
15:43 of 1st period - Icing by Steve Montador.
15:44 of 1st period - Brad Boyes wins face-off versus Jiri Hudler in Canucks zone.
15:57 of 1st period - Slapshot by Mike Ribeiro.
15:57 of 1st period - Shot Blocked by Jiri Hudler.
16:07 of 1st period - Wrist shot by Brad Boyes.
16:07 of 1st period - Shot Misses the Net.
16:09 of 1st period - Slapshot by Mike Ribeiro.
16:09 of 1st period - Deflect By Scott Gomez.
16:09 of 1st period - Shot Misses the Net.
16:09 of 1st period - Puck is out of play.
16:10 of 1st period - Nik Antropov wins face-off versus Tyler Seguin in Red Wings zone.
16:11 of 1st period - Wrist shot by Martins Karsums.
16:11 of 1st period - Stopped by James Reimer with a rebound.
16:22 of 1st period - Off-side.
16:23 of 1st period - Tim Connolly wins face-off versus Scott Gomez in neutral zone.
16:26 of 1st period - Wrist shot by Tyler Toffoli.
16:26 of 1st period - Goal by Tyler Toffoli - Canucks : 0 - Red Wings : 3.
16:27 of 1st period - Matt Stajan wins face-off versus Tim Connolly in neutral zone.
17:00 of 1st period - Snap shot by Ales Hemsky.
17:00 of 1st period - Stopped by Michal Neuvirth without a rebound.
17:01 of 1st period - Tyler Seguin wins face-off versus Chris Higgins in Canucks zone.
17:28 of 1st period - Nick Palmieri is hit by Ryan O'Byrne and loses puck.
17:57 of 1st period - Jamie McBain is hit by Anton Volchenkov and loses puck.
18:18 of 1st period - Wrist shot by Chris Higgins.
18:18 of 1st period - Shot Misses the Net.
18:36 of 1st period - Wrist shot by Nik Antropov.
18:36 of 1st period - Shot Misses the Net.
18:58 of 1st period - Wrist shot by Tyler Toffoli.
18:58 of 1st period - Shot Misses the Net.
19:00 of 1st period - Snap shot by Jiri Fischer.
19:00 of 1st period - Stopped by Michal Neuvirth with a rebound.
19:02 of 1st period - Slapshot by Ryan O'Byrne.
19:02 of 1st period - Shot Misses the Net.
19:12 of 1st period - Slapshot by Steve Montador.
19:12 of 1st period - Stopped by James Reimer with a rebound.
Goals for this period are 0 for Canucks vs 3 for Red Wings.
Shots for this period are 8 for Canucks vs 9 for Red Wings.
2nd period
0:01 of 2nd period - Chris Higgins wins face-off versus Tim Connolly in neutral zone.
0:31 of 2nd period - Slapshot by Adam Henrique.
0:31 of 2nd period - Shot Blocked by Jamie McBain.
0:48 of 2nd period - Snap shot by Derek Boogaard.
0:48 of 2nd period - Stopped by James Reimer without a rebound.
0:49 of 2nd period - Chris Kelly wins face-off versus Scott Gomez in Red Wings zone.
0:58 of 2nd period - Snap shot by Jiri Hudler.
0:58 of 2nd period - Stopped by Michal Neuvirth without a rebound.
0:59 of 2nd period - Tyler Toffoli wins face-off versus Matt Stajan in Canucks zone.
1:06 of 2nd period - Wrist shot by Sean Bergenheim.
1:06 of 2nd period - Shot Blocked by Ladislav Smid.
2:26 of 2nd period - Snap shot by Martins Karsums.
2:26 of 2nd period - Shot Blocked by Ryan O'Byrne.
2:49 of 2nd period - Backhand shot by Tyler Seguin.
2:49 of 2nd period - Shot Blocked by Derek Boogaard.
2:57 of 2nd period - Snap shot by Tyler Seguin.
2:57 of 2nd period - Shot Misses the Net.
3:32 of 2nd period - Off-side.
3:33 of 2nd period - Mike Ribeiro wins face-off versus Vladislav Namestnikov in neutral zone.
3:47 of 2nd period - Icing by Anton Volchenkov.
3:48 of 2nd period - Brad Boyes wins face-off versus Vladislav Namestnikov in Red Wings zone.
4:17 of 2nd period - Snap shot by Tim Connolly.
4:17 of 2nd period - Stopped by Michal Neuvirth with a rebound.
4:19 of 2nd period - Slapshot by Anton Volchenkov.
4:19 of 2nd period - Stopped by Michal Neuvirth with a rebound.
4:21 of 2nd period - Snap shot by Tim Connolly.
4:21 of 2nd period - Stopped by Michal Neuvirth without a rebound.
4:22 of 2nd period - Tyler Seguin wins face-off versus Matt Stajan in Canucks zone.
4:57 of 2nd period - Icing by Lubomir Visnovsky.
4:58 of 2nd period - Matt Stajan wins face-off versus Tim Connolly in Red Wings zone.
5:21 of 2nd period - Wrist shot by Ales Hemsky.
5:21 of 2nd period - Stopped by Michal Neuvirth without a rebound.
5:22 of 2nd period - Mike Ribeiro wins face-off versus Tyler Seguin in Canucks zone.
5:47 of 2nd period - Tim Connolly is hit by Steve Montador and loses puck.
5:57 of 2nd period - Minor Penalty to Steve Montador for Delaying the game.
5:58 of 2nd period - Tyler Toffoli wins face-off versus Brad Boyes in Canucks zone.
6:23 of 2nd period - Mike Ribeiro is hit by Tim Connolly and loses puck.
6:40 of 2nd period - Snap shot by Mike Ribeiro.
6:40 of 2nd period - Stopped by James Reimer with a rebound.
6:42 of 2nd period - Wrist shot by Brad Boyes.
6:42 of 2nd period - Stopped by James Reimer with a rebound.
6:59 of 2nd period - Icing by Jiri Fischer.
7:00 of 2nd period - Tim Connolly wins face-off versus Chris Higgins in Red Wings zone.
7:15 of 2nd period - Slapshot by Jamie McBain.
7:15 of 2nd period - Stopped by James Reimer with a rebound.
7:27 of 2nd period - Slapshot by Jiri Fischer.
7:27 of 2nd period - Shot Blocked by Jamie McBain.
7:29 of 2nd period - Snap shot by Adam Henrique.
7:29 of 2nd period - Stopped by Michal Neuvirth with a rebound.
7:31 of 2nd period - Slapshot by Jiri Fischer.
7:31 of 2nd period - Stopped by Michal Neuvirth with a rebound.
7:33 of 2nd period - Wrist shot by Ryan O'Byrne.
7:33 of 2nd period - Stopped by Michal Neuvirth with a rebound.
7:57 of 2nd period - Penalty to Steve Montador is over, Steve Montador is back on ice.
8:11 of 2nd period - Ryan Hollweg is hit by Jiri Hudler and loses puck.
8:32 of 2nd period - Slapshot by Ole-Kristian Tollefsen.
8:32 of 2nd period - Shot Blocked by Steve Montador.
8:34 of 2nd period - Snap shot by Michael Haley.
8:34 of 2nd period - Deflect By Carson Mcmillan.
8:34 of 2nd period - Stopped by Michal Neuvirth with a rebound.
8:36 of 2nd period - Snap shot by Michael Haley.
8:36 of 2nd period - Deflect By Vladislav Namestnikov.
8:36 of 2nd period - Shot Misses the Net.
8:36 of 2nd period - Puck is out of play.
8:37 of 2nd period - Matt Stajan wins face-off versus Michael Haley in Canucks zone.
8:44 of 2nd period - Lubomir Visnovsky is hit by Jamie McBain and loses puck.
9:03 of 2nd period - Martins Karsums is hit by Tyler Toffoli and loses puck.
9:24 of 2nd period - Chris Higgins is hit by Ales Hemsky and loses puck.
9:47 of 2nd period - Snap shot by Brad Boyes.
9:47 of 2nd period - Shot Blocked by Chris Kelly.
9:53 of 2nd period - Wrist shot by Oleg Saprykin.
9:53 of 2nd period - Shot Misses the Net.
9:57 of 2nd period - Wrist shot by Jiri Hudler.
9:57 of 2nd period - Stopped by Michal Neuvirth without a rebound.
9:58 of 2nd period - Mike Ribeiro wins face-off versus Tyler Toffoli in Canucks zone.
10:13 of 2nd period - Slapshot by Clarke MacArthur.
10:13 of 2nd period - Stopped by James Reimer with a rebound.
10:25 of 2nd period - Johan Franzen is hit by Adam Henrique and loses puck.
10:54 of 2nd period - Slapshot by Martins Karsums.
10:54 of 2nd period - Shot Misses the Net.
11:14 of 2nd period - Jamie McBain is hit by Carson Mcmillan and loses puck.
11:47 of 2nd period - Jiri Fischer is hit by Steve Montador and loses puck.
11:54 of 2nd period - Wrist shot by Derek Boogaard.
11:54 of 2nd period - Stopped by James Reimer without a rebound.
11:55 of 2nd period - Matt Stajan wins face-off versus Tyler Seguin in Red Wings zone.
11:56 of 2nd period - Wrist shot by Chris Higgins.
11:56 of 2nd period - Shot Misses the Net.
11:58 of 2nd period - Wrist shot by Matt Stajan.
11:58 of 2nd period - Goal by Matt Stajan - Canucks : 1 - Red Wings : 3.
11:59 of 2nd period - Brad Boyes wins face-off versus Tyler Seguin in neutral zone.
12:21 of 2nd period - Icing by Ole-Kristian Tollefsen.
12:22 of 2nd period - Tyler Seguin wins face-off versus Mike Ribeiro in Red Wings zone.
12:33 of 2nd period - Sean Bergenheim is hit by Clarke MacArthur and loses puck.
12:48 of 2nd period - Brad Boyes is hit by Ales Hemsky and loses puck.
12:59 of 2nd period - Wrist shot by Adam Henrique.
12:59 of 2nd period - Stopped by Michal Neuvirth without a rebound.
13:00 of 2nd period - Tyler Seguin wins face-off versus Matt Stajan in Canucks zone.
13:15 of 2nd period - Wrist shot by Tyler Seguin.
13:15 of 2nd period - Shot Misses the Net.
13:59 of 2nd period - Snap shot by Nik Antropov.
13:59 of 2nd period - Stopped by James Reimer without a rebound.
14:00 of 2nd period - Tyler Seguin wins face-off versus Matt Stajan in Red Wings zone.
14:15 of 2nd period - Wrist shot by Adam Henrique.
14:15 of 2nd period - Shot Misses the Net.
14:48 of 2nd period - Snap shot by Johan Franzen.
14:48 of 2nd period - Shot Misses the Net.
15:08 of 2nd period - Off-side.
15:09 of 2nd period - Matt Stajan wins face-off versus Tyler Seguin in neutral zone.
15:14 of 2nd period - Snap shot by Chris Higgins.
15:14 of 2nd period - Stopped by James Reimer with a rebound.
15:39 of 2nd period - Mike Ribeiro is hit by Tim Connolly and loses puck.
16:18 of 2nd period - Slapshot by Brad Boyes.
16:18 of 2nd period - Stopped by James Reimer without a rebound.
16:19 of 2nd period - Vladislav Namestnikov wins face-off versus Matt Stajan in Red Wings zone.
16:24 of 2nd period - Snap shot by Jiri Fischer.
16:24 of 2nd period - Shot Blocked by Matt Stajan.
16:32 of 2nd period - Snap shot by Brad Boyes.
16:32 of 2nd period - Stopped by James Reimer without a rebound.
16:33 of 2nd period - Tyler Seguin wins face-off versus Matt Stajan in Red Wings zone.
17:14 of 2nd period - Minor Penalty to Sean Bergenheim for Holding.
17:15 of 2nd period - Matt Stajan wins face-off versus Oleg Saprykin in Red Wings zone.
17:24 of 2nd period - Slapshot by Matt Stajan.
17:24 of 2nd period - Stopped by James Reimer without a rebound.
17:25 of 2nd period - Oleg Saprykin wins face-off versus Matt Stajan in Red Wings zone.
17:41 of 2nd period - Slapshot by Chris Kelly.
17:41 of 2nd period - Stopped by Michal Neuvirth without a rebound.
17:42 of 2nd period - Oleg Saprykin wins face-off versus Matt Stajan in Canucks zone.
18:13 of 2nd period - Backhand shot by Chris Higgins.
18:13 of 2nd period - Stopped by James Reimer without a rebound.
18:14 of 2nd period - Mike Ribeiro wins face-off versus Chris Kelly in Red Wings zone.
18:24 of 2nd period - Slapshot by Alex Goligoski.
18:24 of 2nd period - Shot Misses the Net.
18:34 of 2nd period - Jiri Fischer is hit by Ladislav Smid.
18:46 of 2nd period - Oleg Saprykin is hit by Nick Palmieri.
18:56 of 2nd period - Snap shot by Chris Kelly.
18:56 of 2nd period - Deflect By Carson Mcmillan.
18:56 of 2nd period - Shot Blocked by Ladislav Smid.
18:56 of 2nd period - Puck is out of play.
18:57 of 2nd period - Chris Kelly wins face-off versus Matt Stajan in Canucks zone.
18:58 of 2nd period - Wrist shot by Carson Mcmillan.
18:58 of 2nd period - Stopped by Michal Neuvirth with a rebound.
19:13 of 2nd period - Ryan O'Byrne is hit by Matt Stajan.
19:14 of 2nd period - Penalty to Sean Bergenheim is over, Sean Bergenheim is back on ice.
19:47 of 2nd period - Wrist shot by Nik Antropov.
19:47 of 2nd period - Shot Misses the Net.
19:53 of 2nd period - Snap shot by Philip Samuelsson.
19:53 of 2nd period - Deflect By Sean Bergenheim.
19:53 of 2nd period - Shot Misses the Net.
19:53 of 2nd period - Puck is out of play.
19:54 of 2nd period - Matt Stajan wins face-off versus Tyler Seguin in Canucks zone.
Goals for this period are 1 for Canucks vs 0 for Red Wings.
Shots for this period are 13 for Canucks vs 13 for Red Wings.
3rd period
0:01 of 3rd period - Matt Stajan wins face-off versus Tim Connolly in neutral zone.
0:10 of 3rd period - Brad Boyes is hit by Ryan O'Byrne and loses puck.
0:27 of 3rd period - Ryan O'Byrne is hit by Johan Franzen and loses puck.
0:36 of 3rd period - Icing by Jamie McBain.
0:37 of 3rd period - Tyler Seguin wins face-off versus Scott Gomez in Canucks zone.
0:44 of 3rd period - Wrist shot by Ales Hemsky.
0:44 of 3rd period - Stopped by Michal Neuvirth with a rebound.
0:46 of 3rd period - Slapshot by Philip Samuelsson.
0:46 of 3rd period - Stopped by Michal Neuvirth without a rebound.
0:47 of 3rd period - Tyler Seguin wins face-off versus Matt Stajan in Canucks zone.
0:57 of 3rd period - Off-side.
0:58 of 3rd period - Matt Stajan wins face-off versus Tim Connolly in neutral zone.
1:16 of 3rd period - Ryan O'Byrne is hit by Matt Stajan and loses puck.
1:33 of 3rd period - Backhand shot by Nick Palmieri.
1:33 of 3rd period - Stopped by James Reimer with a rebound.
1:35 of 3rd period - Snap shot by Mike Ribeiro.
1:35 of 3rd period - Shot Misses the Net.
1:37 of 3rd period - Wrist shot by Mike Ribeiro.
1:37 of 3rd period - Stopped by James Reimer with a rebound.
1:54 of 3rd period - Icing by Jiri Hudler.
1:55 of 3rd period - Chris Kelly wins face-off versus Matt Stajan in Red Wings zone.
2:18 of 3rd period - Icing by Ryan O'Byrne.
2:19 of 3rd period - Mike Ribeiro wins face-off versus Tim Connolly in Red Wings zone.
3:30 of 3rd period - Slapshot by Sean Bergenheim.
3:30 of 3rd period - Stopped by Michal Neuvirth without a rebound.
3:31 of 3rd period - Matt Stajan wins face-off versus Tyler Toffoli in Canucks zone.
3:58 of 3rd period - Ales Hemsky is hit by Mike Ribeiro and loses puck.
4:51 of 3rd period - Anton Volchenkov is hit by Mike Ribeiro and loses puck.
5:16 of 3rd period - Snap shot by Martins Karsums.
5:16 of 3rd period - Stopped by James Reimer with a rebound.
5:18 of 3rd period - Slapshot by Ladislav Smid.
5:18 of 3rd period - Shot Misses the Net.
5:20 of 3rd period - Slapshot by Steve Montador.
5:20 of 3rd period - Shot Blocked by Lubomir Visnovsky.
5:36 of 3rd period - Tyler Seguin is hit by Ladislav Smid and loses puck.
5:57 of 3rd period - Wrist shot by Mike Ribeiro.
5:57 of 3rd period - Stopped by James Reimer without a rebound.
5:58 of 3rd period - Tim Connolly wins face-off versus Matt Stajan in Red Wings zone.
6:33 of 3rd period - Slapshot by Jamie McBain.
6:33 of 3rd period - Shot Blocked by Ryan O'Byrne.
6:35 of 3rd period - Slapshot by Nick Palmieri.
6:35 of 3rd period - Stopped by James Reimer with a rebound.
6:45 of 3rd period - Scott Gomez is hit by Jiri Hudler.
6:56 of 3rd period - Minor Penalty to Jiri Hudler for Roughing.
6:57 of 3rd period - Matt Stajan wins face-off versus Chris Kelly in Red Wings zone.
7:11 of 3rd period - Snap shot by Brad Boyes.
7:11 of 3rd period - Goal by Brad Boyes - Canucks : 2 - Red Wings : 3.
7:12 of 3rd period - Tim Connolly wins face-off versus Brad Boyes in neutral zone.
8:04 of 3rd period - Chris Kelly is hit by Steve Montador and loses puck.
8:45 of 3rd period - Slapshot by Ryan O'Byrne.
8:45 of 3rd period - Shot Misses the Net.
8:47 of 3rd period - Slapshot by Tyler Toffoli.
8:47 of 3rd period - Shot Blocked by Alex Goligoski.
8:49 of 3rd period - Snap shot by Sean Bergenheim.
8:49 of 3rd period - Shot Misses the Net.
8:53 of 3rd period - Snap shot by Tyler Toffoli.
8:53 of 3rd period - Shot Blocked by Nick Palmieri.
8:57 of 3rd period - Snap shot by Sean Bergenheim.
8:57 of 3rd period - Shot Misses the Net.
9:10 of 3rd period - Slapshot by Jamie McBain.
9:10 of 3rd period - Shot Misses the Net.
9:12 of 3rd period - Slapshot by Alex Goligoski.
9:12 of 3rd period - Shot Blocked by Lubomir Visnovsky.
9:14 of 3rd period - Snap shot by Jamie McBain.
9:14 of 3rd period - Shot Misses the Net.
9:16 of 3rd period - Snap shot by Derek Boogaard.
9:16 of 3rd period - Shot Misses the Net.
9:18 of 3rd period - Snap shot by Scott Gomez.
9:18 of 3rd period - Goal by Scott Gomez - Canucks : 3 - Red Wings : 3.
9:19 of 3rd period - Matt Stajan wins face-off versus Tim Connolly in neutral zone.
9:25 of 3rd period - Icing by Philip Samuelsson.
9:26 of 3rd period - Matt Stajan wins face-off versus Tyler Toffoli in Red Wings zone.
9:27 of 3rd period - Slapshot by Jamie McBain.
9:27 of 3rd period - Shot Blocked by Philip Samuelsson.
9:36 of 3rd period - Minor Penalty to Alex Goligoski for Roughing.
9:37 of 3rd period - Brad Boyes wins face-off versus Tyler Seguin in Canucks zone.
10:11 of 3rd period - Snap shot by Derek Boogaard.
10:11 of 3rd period - Stopped by James Reimer with a rebound.
10:25 of 3rd period - Brad Boyes is hit by Philip Samuelsson and loses puck.
10:43 of 3rd period - Off-side.
10:44 of 3rd period - Tyler Seguin wins face-off versus Chris Higgins in neutral zone.
11:36 of 3rd period - Penalty to Alex Goligoski is over, Alex Goligoski is back on ice.
11:45 of 3rd period - Slapshot by Jamie McBain.
11:45 of 3rd period - Stopped by James Reimer without a rebound.
11:46 of 3rd period - Chris Kelly wins face-off versus Ryan Hollweg in Red Wings zone.
12:03 of 3rd period - Anton Volchenkov is hit by Ryan Hollweg and loses puck.
12:10 of 3rd period - Wrist shot by Nik Antropov.
12:10 of 3rd period - Stopped by James Reimer with a rebound.
12:12 of 3rd period - Slapshot by Ladislav Smid.
12:12 of 3rd period - Stopped by James Reimer without a rebound.
12:13 of 3rd period - Tyler Seguin wins face-off versus Matt Stajan in Red Wings zone.
12:13 of 3rd period - Tyler Seguin is hit by Steve Montador.
12:45 of 3rd period - Slapshot by Ryan O'Byrne.
12:45 of 3rd period - Stopped by Michal Neuvirth with a rebound.
12:47 of 3rd period - Slapshot by Ryan O'Byrne.
12:47 of 3rd period - Shot Misses the Net.
12:49 of 3rd period - Slapshot by Ryan O'Byrne.
12:49 of 3rd period - Deflect By Tyler Toffoli.
12:49 of 3rd period - Shot Blocked by Ladislav Smid.
12:49 of 3rd period - Puck is out of play.
12:50 of 3rd period - Matt Stajan wins face-off versus Tyler Seguin in Canucks zone.
14:08 of 3rd period - Wrist shot by Carson Mcmillan.
14:08 of 3rd period - Stopped by Michal Neuvirth without a rebound.
14:09 of 3rd period - Tyler Seguin wins face-off versus Matt Stajan in Canucks zone.
14:36 of 3rd period - Ryan O'Byrne is hit by Clarke MacArthur.
14:40 of 3rd period - Nick Palmieri is hit by Philip Samuelsson and loses puck.
14:47 of 3rd period - Slapshot by Alex Goligoski.
14:47 of 3rd period - Stopped by James Reimer without a rebound.
14:48 of 3rd period - Adam Henrique wins face-off versus Matt Stajan in Red Wings zone.
15:25 of 3rd period - Wrist shot by Nick Palmieri.
15:25 of 3rd period - Stopped by James Reimer with a rebound.
16:27 of 3rd period - Backhand shot by Brad Boyes.
16:27 of 3rd period - Goal by Brad Boyes - Canucks : 4 - Red Wings : 3.
16:28 of 3rd period - Tim Connolly wins face-off versus Matt Stajan in neutral zone.
16:31 of 3rd period - Wrist shot by Tyler Toffoli.
16:31 of 3rd period - Deflect By Sean Bergenheim.
16:31 of 3rd period - Shot Misses the Net.
16:31 of 3rd period - Puck is out of play.
16:32 of 3rd period - Tim Connolly wins face-off versus Matt Stajan in Canucks zone.
16:41 of 3rd period - Sean Bergenheim is hit by Steve Montador and loses puck.
16:48 of 3rd period - Chris Higgins is hit by Anton Volchenkov and loses puck.
17:06 of 3rd period - Tyler Seguin is hit by Clarke MacArthur.
17:38 of 3rd period - Alex Goligoski is hit by Tyler Toffoli and loses puck.
17:49 of 3rd period - Sean Bergenheim is hit by Brad Boyes and loses puck.
18:10 of 3rd period - Nick Palmieri is hit by Ales Hemsky and loses puck.
18:54 of 3rd period - Red Wings, James Reimer is pulled from the net.
19:08 of 3rd period - Tyler Seguin is hit by Johan Franzen and loses puck.
19:19 of 3rd period - Wrist shot by Adam Henrique.
19:19 of 3rd period - Stopped by Michal Neuvirth with a rebound.
19:21 of 3rd period - Slapshot by Tyler Seguin.
19:21 of 3rd period - Shot Misses the Net.
19:23 of 3rd period - Wrist shot by Adam Henrique.
19:23 of 3rd period - Goal by Adam Henrique - Canucks : 4 - Red Wings : 4.
19:23 of 3rd period - James Reimer from Red Wings was sent back in the game.
19:24 of 3rd period - Tyler Seguin wins face-off versus Mike Ribeiro in neutral zone.
Goals for this period are 3 for Canucks vs 1 for Red Wings.
Shots for this period are 14 for Canucks vs 7 for Red Wings.
Overtime #1
0:01 of 1st overtime period - Adam Henrique wins face-off versus Brad Boyes in neutral zone.
0:16 of 1st overtime period - Backhand shot by Adam Henrique.
0:16 of 1st overtime period - Shot Blocked by Mike Ribeiro.
0:48 of 1st overtime period - Wrist shot by Matt Stajan.
0:48 of 1st overtime period - Stopped by James Reimer with a rebound.
0:50 of 1st overtime period - Wrist shot by Derek Boogaard.
0:50 of 1st overtime period - Goal by Derek Boogaard - Canucks : 5 - Red Wings : 4.
Goals for this period are 1 for Canucks vs 0 for Red Wings.
Shots for this period are 2 for Canucks vs 0 for Red Wings.
Back to the Top